 Dungeon Crawl Stone Soup version 0.28.0-43-g3370ac3207 (webtiles) character file.

Game seed: 11000843028237203071

6 Gabide the Grave Robber (level 1, -2/13 HPs)
             Began as a Mummy Necromancer on Mar 15, 2022.
             Slain by a goblin
             ... wielding a +1 dagger of distortion
              (13 damage)
             ... on level 1 of the Dungeon.
             The game lasted 00:00:51 (223 turns).

Gabide the Grave Robber (Mummy Necromancer)          Turns: 223, Time: 00:00:51

Health: -2/13      AC:  4    Str: 11    XL:     1   Next: 75%
Magic:  2/4        EV: 12    Int: 14    God:
Gold:   32         SH:  0    Dex: 12    Spells: 5/6 levels left

rFire   x . .      SeeInvis .   (no weapon)
rCold   + . .      Faith    .   (no shield)
rNeg    + + +      Spirit   .   a - +0 robe
rPois   ∞          Reflect  .   (no helmet)
rElec   .          Harm     .   (no cloak)
rCorr   .          Rampage  .   (no gloves)
Will    .....                   b - +1 pair of boots
Stlth   ++........              (no amulet)
HPRegen 0.04/turn               (no ring)
MPRegen 0.09/turn               (no ring)

@: no status effects
A: cold resistance 1, negative energy resistance 3, torment resistance 2, heat
vulnerability 1, no potions
a: no special abilities


You were on level 1 of the Dungeon.
You visited 1 branch of the dungeon, and saw 1 of its levels.

You collected 32 gold pieces.

Inventory:

Armour
 a - a +0 robe (worn)
 b - a +1 pair of boots (worn)


   Skills:
 * Level 1.5 Dodging
 + Level 1.5 Stealth
 * Level 3.0 Spellcasting
 * Level 4.2 Necromancy


You had 5 spell levels left.
You knew the following spells:

 Your Spells              Type           Power      Damage    Failure   Level
a - Pain                  Necr           52%        1d6       3%          1

Your spell library contained the following spells:

 Spells                   Type           Power      Damage    Failure   Level
 Animate Skeleton         Necr           26%        N/A       3%          1
 Vampiric Draining        Necr           13%        2d6       12%         3
 Animate Dead             Necr           6%         N/A       36%         4
 Agony                    Necr           13%        N/A       71%         5


Dungeon Overview and Level Annotations

Branches:
Dungeon (1/15)

Altars:


Innate Abilities, Weirdness & Mutations

You are immune to poison.
Your flesh is cold resistant. (rC+)
You are immune to negative energy. (rN+++)
You are immune to unholy pain and torment.
You are vulnerable to heat. (rF-)
You do not drink.


Message History

You now have 32 gold pieces (gained 11).
Found a robe.
Found a scale mail.
Found a stone staircase leading down.
There is a stone staircase leading down here.
There is a stone staircase leading down here.
A bat comes into view.
A bat is nearby!
Found 16 gold pieces.
The bat barely resists.
The bat closely misses you.
The bat writhes in agony.
The bat hits you but does no damage.
The bat writhes in agony.
You kill the bat!
You can't see any susceptible monsters within range! (Use Z to cast anyway.)
You can't see any susceptible monsters within range! (Use Z to cast anyway.)
You can't see any susceptible monsters within range! (Use Z to cast anyway.) 2 goblins come into view.
A goblin is wielding a +1 dagger of distortion.
Found a mace.
The goblin shouts!
Press: ? - help, v - describe, . - travel The floor.
Unknown command.
Unknown command.
Press: ? - help, v - describe, . - travel
Here: a goblin, wielding a +0 dagger The floor.
Unknown command.
Unknown command.
The goblin writhes in agony.
The goblin writhes in agony.
The goblin hits you but does no damage.
The goblin writhes in agony.
You kill the goblin!
Your Spellcasting skill increases to level 3!
There is a stone staircase leading down here.
The goblin barely resists.
The goblin hits you with a +1 dagger of distortion.
Space warps horribly around you!
Ouch! That really hurt!
You die...

#..... ####.....
#..+..... #.##.....
#.##.....
##########.##....[
####.............####
#....########.##....#
#...@g..# #.##....#
#.......#####.##....#
#............>.......
#.......########.[..#
######### #....#
#...## #.### #.#
#.####


You could see a goblin.

Vanquished Creatures
  A bat (D:1)
  An endoplasm (D:1)
  A giant cockroach (D:1)
  A goblin (D:1)
  A frilled lizard (D:1)
5 creatures vanquished.

Notes
Turn   | Place    | Note
-------+----------+-------------------------------------------
     0 | D:1      | Gabide the Mummy Necromancer began the quest for the Orb.
     0 | D:1      | Reached XP level 1. HP: 13/13 MP: 4/4
   223 | D:1      | Slain by a goblin

Illustrated notes

Levels and vault maps discovered:
D:1:      minmay_arrival_solitary_statue, layout_basic

Skill      XL: |  1 |
---------------+----+-----
Spellcasting   | 3 |  3.0
Dodging        | |  1.5
Stealth        | |  1.5
Necromancy     | |  4.2

Action                   || total
-------------------------++-------
 Cast: Pain              ||    12
Armor: Robe              ||     2
Dodge: Dodged            ||     1
